 Seeded DCSS version 0.26.0-45-g9c1d065592 (webtiles) character file.

Game seed: 4650914458229190298 (custom seed)

177 kaeus the Sneak (level 5, -3/33 HPs)
             Began as an Octopode Enchanter on Jan 31, 2021.
             Killed by divine providence
             ... invoked by an orc priest
              (13 damage)
             ... on level 4 of the Dungeon.
             The game lasted 00:03:56 (4125 turns).

kaeus the Sneak (Octopode Enchanter)                Turns: 4125, Time: 00:03:57

Health: -3/33      AC:  5    Str:  7    XL:     5   Next: 57%
Magic:  8/8        EV: 13    Int: 17    God:
Gold:   187        SH:  4    Dex: 14    Spells: 2/8 levels left

rFire    . . .     SeeInvis +   a - +1 dagger
rCold    . . .     Faith    .   b - +0 buckler
rNeg     . . .     Spirit   .   (helmet restricted)
rPois    .         Reflect  .   (no amulet)
rElec    .         Harm     .   p - ring of see invisible
rCorr    .         Rampage  .   s - +4 ring of protection
Will     .....                  (no ring)
Stlth    ++++......             (no ring)
HPRegen  0.11/turn              (no ring)
MPRegen  0.11/turn              (no ring)
                                (no ring)
                                (no ring)

@: no status effects
A: almost no armour, stealthy swim, amphibious, 8 rings, constrict 8, camouflage
1, gelatinous body 1
a: no special abilities


You were on level 4 of the Dungeon.
You visited 1 branch of the dungeon, and saw 4 of its levels.

You collected 187 gold pieces.

Inventory:

Hand Weapons
 a - a +1 dagger (weapon)
Armour
 b - a +0 buckler (worn)
Jewellery
 p - a ring of see invisible (left tentacle)
 s - a +4 ring of protection (right tentacle)
Scrolls
 d - a scroll of identify {unknown}
 f - a scroll of teleportation {unknown}
 g - 2 scrolls of fog {unknown}
 j - 2 scrolls of remove curse {unknown}
 k - a scroll of fear {unknown}
 l - a scroll of random uselessness {unknown}
 q - a scroll of enchant armour {unknown}
 r - a scroll of amnesia {unknown}
Potions
 c - a potion of haste {unknown}
 e - a potion of mutation {unknown}
 h - 2 potions of curing {unknown}
 i - 2 potions of resistance {unknown}
 m - a potion of attraction {unknown}
 n - a potion of might {unknown}


   Skills:
 + Level 1.4 Fighting
 + Level 1.9 Short Blades
 + Level 2.8 Dodging
 * Level 5.7 Stealth
 + Level 1.1 Shields
 + Level 2.4 Spellcasting
 + Level 3.5 Hexes


You had 2 spell levels left.
You knew the following spells:

 Your Spells              Type           Power        Failure   Level
a - Corona                Hex            15%          6%          1
b - Ensorcelled Hibernat  Hex/Ice        16%          21%         2
c - Dazzling Flash        Conj/Hex       16%          36%         3

Your spell library contained the following spells:

 Spells                   Type           Power        Failure   Level
 Confusing Touch          Hex            14%          19%         3
 Tukima's Dance           Hex            14%          19%         3


Dungeon Overview and Level Annotations

Branches:
Dungeon (4/15)
 Temple: D:4-7

Altars:
Sif Muna


Innate Abilities, Weirdness & Mutations

You cannot wear most types of armour.
You are very stealthy in the water. (Stealth+)
You are amphibious.
You can wear up to eight rings at the same time.
You can use your tentacles to constrict eight enemies at once.
Your skin changes colour to match your surroundings (Stealth+).
Your rubbery body absorbs attacks. (AC +1, EV +1)


Message History

The orc wizard is lightly wounded.
You constrict the orc wizard. The orc wizard barely misses you.
There are monsters nearby!
You release your grip on the orc wizard.
The orc wizard gestures at you while chanting.
You resist with some effort.
The orc priest casts a cantrip, but nothing happens.
You hit the orc priest. You grab the orc priest.
The orc priest is moderately wounded.
You constrict the orc priest.
The orc priest looks encouraged for a moment.
You release your grip on the orc priest.
The orc priest calls down the wrath of Beogh upon you.
Beogh smites you!
You take 10 damage, and have 10/33 hp.
MASSIVE DAMAGE!!
The orc wizard casts a spell at itself.
The orc wizard flickers and vanishes for a moment.
The orc priest invokes the aid of Beogh against you.
Beogh smites you!
You die...

# ###.#..### #. ##...##...#
#.. #..######(# #o# ##.##
#.# ####[.### #..#####.#
........# ##.......#
#..###########......#######
#....oo....###......#.....#
###...oo.o.@..............#
#############.........†.#
#.>..##.....# #....##.....#
#######..[..# #######


You could see 2 orc priests, 2 orc wizards and an orc.

Vanquished Creatures
  An orc wizard (D:3)
  6 adders
  A worm (D:3)
  3 dart slugs
  5 leopard geckos
  7 orcs (D:3)
  4 giant cockroaches
  2 goblins (D:1)
  8 hobgoblins
  8 jackals
  8 kobolds
  2 quokkas
  A ball python (D:2)
  8 bats
  5 frilled lizards
  7 rats
76 creatures vanquished.

Notes
Turn   | Place    | Note
-------+----------+-------------------------------------------
     0 | D:1      | kaeus the Octopode Enchanter began the quest for the Orb.
     0 | D:1      | Reached XP level 1. HP: 11/11 MP: 3/3
   178 | D:1      | Reached XP level 2. HP: 11/17 MP: 5/5
   815 | D:1      | Reached XP level 3. HP: 21/22 MP: 6/6
  1051 | D:1      | You fall into a shaft and drop 1 floor!
  1724 | D:1      | Learned a level 2 spell: Ensorcelled Hibernation
  1728 | D:1      | Learned a level 3 spell: Dazzling Flash
  1953 | D:2      | Reached XP level 4. HP: 22/27 MP: 7/7
  2038 | D:2      | Reached skill level 5 in Stealth
  2405 | D:2      | Reached skill level 1 in Fighting
  2967 | D:3      | Reached XP level 5. HP: 9/33 MP: 8/8
  3291 | D:3      | Reached skill level 1 in Shields
  3534 | D:3      | Found a shimmering blue altar of Sif Muna.
  4125 | D:4      | Killed from afar by an orc priest

Illustrated notes

Levels and vault maps discovered:
D:1:      psy_arrival_basics, layout_basic
D:2:      layout_basic
D:3:      layout_basic, lemuel_round_altar
D:4:      layout_rooms

Skill      XL: |  1  2  3  4  5 |
---------------+----------------+-----
Stealth        | 5 |  5.7
Fighting       | 1 |  1.4
Shields        | 1 |  1.1
Short Blades   | |  1.9
Dodging        | |  2.8
Spellcasting   | |  2.4
Hexes          | |  3.5

Action                   |  1- 3 |  4- 6 || total
-------------------------+-------+-------++-------
Melee: Dagger            |   104 |    90 ||   194
       Constrict         |    28 |    20 ||    48
       Tentacles         |    14 |    15 ||    29
 Stab: Sleeping          |     4 |    17 ||    21
       Distracted        |       |     1 ||     1
Armor: Skin              |    18 |     3 ||    21
Dodge: Dodged            |    82 |    53 ||   135
Block: Buckler           |    18 |    11 ||    29
